 Dungeon Crawl Stone Soup version 0.19.0-16-g73b5abf (webtiles) character file.

382 Patchouli the Magician (level 6, -5/35 HPs)
             Began as a Deep Elf Ice Elementalist on Nov 11, 2016.
             Was an Initiate of Kikubaaqudgha.
             Slain by a hog (9 damage)
             ... on level 7 of the Dungeon.
             The game lasted 00:15:18 (1841 turns).

Patchouli the Magician (Deep Elf Ice Elementalist)  Turns: 1841, Time: 00:15:20

Health: -5/35      AC:  2    Str:  3 (5)  XL:     6   Next: 47%
Magic:  2/16       EV: 14    Int: 22      God:    Kikubaaqudgha [......]
Gold:   76         SH:  0    Dex: 15      Spells: 4 memorised, 6 levels left

rFire  . . .     SeeInvis .     d - +0 club
rCold  . . .     Gourm    .     a - +0 robe
rNeg   . . .     Faith    .     (no shield)
rPois  .         Spirit   .     (no helmet)
rElec  .         Reflect  .     (no cloak)
rCorr  +         Harm     .     (no gloves)
MR     .....                    (no boots)
Stlth  ++........               (no amulet)
                                (no ring)
                                j - ring of resist corrosion

@: very slightly contaminated
A: no striking features
a: Renounce Religion


You were on level 7 of the Dungeon.
You worshipped Kikubaaqudgha.
Kikubaaqudgha was noncommittal.
You were not hungry.

You visited 2 branches of the dungeon, and saw 8 of its levels.

You collected 100 gold pieces.
You spent 24 gold pieces at shops.

Inventory:

Hand Weapons
 d - a +0 club (weapon)
 q - a +1 dagger of speed
Armour
 a - a +0 robe (worn)
 s - a cursed +0 leather armour
Jewellery
 j - a ring of resist corrosion (left hand)
 t - an uncursed ring of protection from magic {unknown}
Wands
 e - a wand of lightning (7/15)
Scrolls
 p - 6 scrolls of identify {unknown}
 x - a scroll of fog {unknown}
 y - 2 scrolls of enchant weapon {unknown}
Potions
 h - 3 potions of heal wounds
 i - 3 potions of cure mutation
 k - a potion of resistance
 l - 2 potions of curing
Books
 b - a book of Frost

   Spells                             Type                      Level
   a - Freeze                         Ice                          1
   b - Throw Frost                    Conjuration/Ice              2
   c - Ozocubu's Armour               Charms/Ice                   3
   d - Throw Icicle                   Conjuration/Ice              4
   e - Summon Ice Beast               Ice/Summoning                4
Comestibles
 c - 5 bread rations
 f - 2 meat rations
 g - 4 chunks of flesh
 m - a beef jerky
 o - a royal jelly


   Skills:
 + Level 1.7 Fighting
 + Level 2.4 Armour
 + Level 3.9 Dodging
 - Level 2.4 Stealth
 * Level 5.9 Spellcasting
 - Level 1.1 Conjurations
 * Level 0.0 Summonings
 * Level 4.1 Ice Magic


You had 6 spell levels left.
You knew the following spells:

 Your Spells              Type           Power        Failure   Level  Hunger
a - Freeze                Ice            ###.         1%          1    None
b - Throw Frost           Conj/Ice       ###...       6%          2    None
i - Summon Ice Beast      Ice/Summ       ###.....     38%         4    ###....
q - Ozocubu's Armour      Chrm/Ice       ###.....     12%         3    #......


Dungeon Overview and Level Annotations

Branches:
Dungeon (7/15)             Temple (1/1) D:5

Altars:
Ashenzari
Cheibriados
Dithmenos
Elyvilon
Gozag
Hepliaklqana
Kikubaaqudgha
Makhleb
Okawaru
Qazlal
Trog
Uskayaw
Vehumet
Xom
Zin

Shops:
D:4 [=%=   D:7 (

Annotations:
D:3 Sigmund
D:5 Edmund, Pikel


Message History

Casting: Summon Ice Beast
Confirm with . or Enter, or press ? or * to list all spells.
A chill wind blows around you. The hog bites your ice beast!
Your ice beast hits the hog.
Your ice beast freezes the hog!
The hog bites your ice beast!
Your ice beast dies!
The hog bites you. The hog closely misses you. The hog bites you.
Casting: Summon Ice Beast
Confirm with . or Enter, or press ? or * to list all spells.
You miscast Summon Ice Beast.
Your head hurts.
The hog bites you!
Casting: Summon Ice Beast
Confirm with . or Enter, or press ? or * to list all spells.
You miscast Summon Ice Beast.
Nothing appears to happen.
The hog bites you!
* * * LOW HITPOINT WARNING * * *
The hog bites you!
You die...
Kikubaaqudgha rasps: "You have failed me!
Welcome... death!"

## #.. #
##########.....
#......<.......
#.########.#...
#.# #รท# #.#
#@# #h# #p###
###### #...#
h..h.# #...#
..hh.#
#...####p###
##...#....%#
#...'...%%#
#.#.#######


You could see a hog and a human.

Vanquished Creatures
  An orc wizard (D:3)
  A hound (D:4)
  Jessica (D:3)
  An iguana (D:4)
  3 worker ants
  An adder (D:4)
  An adder zombie (D:5)
  A worm (D:3)
  2 leopard geckos
  5 orcs (D:3)
  5 bats
  3 giant cockroaches
  3 goblins
  4 hobgoblins (D:3)
  2 jackals (D:3)
  A quokka (D:4)
  3 frilled lizards
  2 kobolds
  A rat (D:2)
41 creatures vanquished.

Vanquished Creatures (collateral kills)
  A water moccasin (D:6)
  An ogre (D:6)
  A bullfrog (D:7)
  A bullfrog skeleton (D:6)
  An adder (D:6)
5 creatures vanquished.

Grand Total: 46 creatures vanquished

Notes
Turn   | Place    | Note
-------+----------+-------------------------------------------
     0 | D:1      | Patchouli the Deep Elf Ice Elementalist began the quest for the Orb.
     0 | D:1      | Reached XP level 1. HP: 10/10 MP: 6/6
   217 | D:3      | Reached XP level 2. HP: 15/16 MP: 5/8
   440 | D:3      | Noticed Jessica
   475 | D:3      | Killed Jessica
   475 | D:3      | Reached skill level 4 in Spellcasting
   475 | D:3      | Reached XP level 3. HP: 12/20 MP: 4/10
   588 | D:4      | Learned a level 3 spell: Ozocubu's Armour
   596 | D:4      | Reached skill level 1 in Armour
   596 | D:4      | Reached XP level 4. HP: 17/24 MP: 0/12
   763 | D:4      | Found a shattered altar of Ashenzari.
   782 | D:4      | Found Buiplum's Food Shop.
   782 | D:4      | Found Fyroimom's Jewellery Shop.
   782 | D:4      | Found Suwaosche's Jewellery Shop.
   786 | D:4      | Found Beanow's Antique Armour Shop.
   804 | D:4      | Reached skill level 1 in Fighting
   817 | D:4      | Learned a level 4 spell: Summon Ice Beast
   827 | D:4      | Learned a level 2 spell: Throw Frost
   834 | D:4      | Bought a cursed amulet of inaccuracy for 24 gold pieces
   863 | D:3      | Noticed Sigmund
   866 | D:3      | Found a burning altar of Makhleb.
   878 | D:3      | Reached skill level 5 in Spellcasting
   909 | D:3      | Reached XP level 5. HP: 24/29 MP: 5/14
  1106 | D:5      | Entered Level 5 of the Dungeon
  1269 | D:5      | Noticed Edmund
  1325 | D:5      | Noticed a slave
  1367 | D:5      | Found a staircase to the Ecumenical Temple.
  1384 | Temple   | Entered the Ecumenical Temple
  1429 | Temple   | Became a worshipper of Kikubaaqudgha
  1477 | D:5      | Noticed a slave
  1478 | D:5      | Noticed Pikel
  1515 | D:6      | Noticed an ogre
  1516 | D:6      | Found an iron altar of Okawaru.
  1590 | D:6      | Noticed a water moccasin
  1605 | D:6      | Killed a water moccasin
  1605 | D:6      | Reached XP level 6. HP: 33/34 MP: 2/16
  1710 | D:7      | Found Elloff's Weapon Shop.
  1719 | D:7      | Noticed a hippogriff
  1826 | D:7      | Noticed a hog
  1826 | D:7      | Noticed a hog
  1826 | D:7      | Noticed a hog
  1826 | D:7      | Noticed a hog
  1826 | D:7      | Noticed a human
  1841 | D:7      | Slain by a hog

Skill      XL: |  1  2  3  4  5 |
---------------+----------------+-----
Spellcasting   | 4 5 |  5.9
Armour         | 1 2 |  2.4
Dodging        | 3 |  3.9
Fighting       | 1 |  1.7
Ice Magic      | 4 |  4.1
Stealth        | |  2.4
Conjurations   | |  1.1

Action                   |  1- 3 |  4- 6 || total
-------------------------+-------+-------++-------
Melee: Club              |       |    21 ||    21
 Cast: Freeze            |    39 |    42 ||    81
       Ozocubu's Armour  |     1 |     4 ||     5
       Summon Ice Beast  |       |     5 ||     5
  Use: Potion            |       |     8 ||     8
       Scroll            |       |     4 ||     4
  Eat: Chunk             |       |     4 ||     4
Armor: Robe              |     2 |    10 ||    12
Dodge: Dodged            |    16 |    56 ||    72
